 Dungeon Crawl Stone Soup version 0.17-a0-1625-g47e540b (webtiles) character file.

159052 urechis the Warrior (level 17, -12/198 HPs)
             Began as an Ogre Fighter on Aug 2, 2015.
             Was a High Priest of Trog.
             Mangled by a merfolk impaler
             ... wielding a +7 trident of venom
              (20 damage)
             ... on level 4 of the Shoals.
             The game lasted 02:14:31 (41372 turns).

urechis the Warrior (Ogre Fighter)                 Turns: 41372, Time: 02:14:31

Health: -12/198    AC: 18    Str: 30    XL:     17   Next: 73%
Magic:  5/5        EV:  7    Int:  7    God:    Trog [*****.]
Gold:   3661       SH: 22    Dex: 18    Spells: 0 memorised, 16 levels left

rFire  + . .     SeeInvis .     a - +6 eveningstar (antimagic)
rCold  . . .     Clarity  .     G - +0 storm dragon armour
rNeg   . . .     SustAt   .     s - +2 large shield {rPois}
rPois  +         Gourm    .     (helmet restricted)
rElec  +         Spirit   .     B - +0 cloak "Nehisoss" {Dex+4}
rCorr  .         Warding  .     (gloves unavailable)
rMut   .         Stasis   .     (boots unavailable)
MR     +++..                    Q - amulet of the Solstice {Faith MR- Dex+5}
Stlth  ..........               m - ring of Opiasev {Wiz rPois MR+}
                                U - ring of protection from fire

@: about to teleport, regenerating, extremely resistant to hostile enchantments,
extremely unstealthy
A: unfitting armour, tough skin 1
a: Burn Spellbooks, Berserk, Trog's Hand, Brothers in Arms, Renounce Religion


You were on level 4 of the Shoals.
You worshipped Trog.
Trog was extremely pleased with you.
You were not hungry.

You visited 5 branches of the dungeon, and saw 32 of its levels.
You also visited: Sewer and Ice Cave.

You collected 3661 gold pieces.

Inventory:

Hand weapons
 a - a +6 antimagic eveningstar (weapon)
 b - the +9 giant spiked club of Mahev {vamp, *Rage Int+8}
   (Trog gifted it to you on level 4 of the Orcish Mines)

   It inflicts no extra harm, but heals its wielder somewhat when it strikes a
   living foe.
   It affects your intelligence (+8).
   It may make you go berserk in combat.
 w - a +5 antimagic giant spiked club
Missiles
 g - 43 javelins
 H - 61 large rocks
 M - 6 poisoned javelins (quivered)
 O - 18 silver javelins
 T - 2 javelins of returning
Armour
 s - a +2 large shield of poison resistance (worn)
 B - the +0 cloak "Nehisoss" (worn) {Dex+4}
   (You acquired it on level 12 of the Dungeon)

   It affects your dexterity (+4).
 G - a +0 storm dragon armour (worn)
 S - a +0 fire dragon armour
Jewellery
 c - an uncursed amulet of rage {unknown}
 m - the ring of Opiasev (right hand) {Wiz rPois MR+}
   (You found it on level 7 of the Lair of Beasts)

   [ring of wizardry]

   It improves your spell success rate.
   It protects you from poison.
   It affects your resistance to hostile enchantments.
 y - an uncursed ring of stealth
 Q - the amulet of the Solstice (around neck) {Faith MR- Dex+5}
   (You found it on level 6 of the Lair of Beasts)

   [amulet of faith]

   It allows you to gain divine favour quickly.
   It affects your dexterity (+5).
   It affects your resistance to hostile enchantments.
 U - a ring of protection from fire (left hand)
 W - an uncursed ring of protection from cold
Magical devices
 J - a wand of digging (18)
 N - a wand of disintegration (15)
Scrolls
 h - 4 scrolls of fog
 i - 13 scrolls of remove curse
 j - 3 scrolls of blinking
 k - a scroll of enchant armour
 o - 5 scrolls of magic mapping
 p - a scroll of brand weapon
 r - 4 scrolls of recharging
 t - 4 scrolls of silence
 u - 7 scrolls of immolation
 v - 3 scrolls of identify
 x - a scroll of fear
 C - 15 scrolls of teleportation
 F - 3 scrolls of enchant weapon
 V - a scroll of holy word
Potions
 e - 10 potions of might
 f - 5 potions of flight
 n - a potion of haste
 z - 8 potions of agility
 D - 2 potions of curing
 E - 9 potions of brilliance
 K - a potion of magic
 L - a potion of berserk rage
 P - a potion of cure mutation
 R - a potion of invisibility
Comestibles
 d - 7 bread rations
 l - 9 beef jerkies
 q - 10 meat rations
 A - a slice of pizza
 I - 24 fruits
 X - a chunk of flesh


   Skills:
 - Level 19.1 Fighting
 - Level 18.0 Maces & Flails
 - Level 15.0 Throwing
 - Level 12.0 Armour
 - Level 2.6 Dodging
 * Level 11.8 Shields


You had 16 spell levels left.
You didn't know any spells.

Dungeon Overview and Level Annotations

Branches:
Dungeon (15/15)            Temple (1/1) D:7            Lair (8/8) D:11
 Shoals (4/4) Lair:4        Snake (0/4) Lair:4        Slime (0/6) Lair:8
    Orc (4/4) D:10            Elf (0/3) Orc:3        Vaults (0/5) D:14
 Depths (0/5) D:15

Altars:
Ashenzari
Cheibriados
Dithmenos
Elyvilon
Fedhas
Gozag
Kikubaaqudgha
Makhleb
Nemelex Xobeh
Okawaru
Qazlal
Ru
Sif Muna
Trog
Vehumet
Xom
Yredelemnul
Zin
The Shining One
Beogh
Jiyva

Shops:
D:13 =   Orc:2 !:   Orc:4 :?((   Shoals:2 [


Innate Abilities, Weirdness & Mutations

You are too large for most types of armour.
You have tough skin (AC +1).


Message History

Read which item? (? for menu, Esc to quit)
As you read the scroll of teleportation, it crumbles to dust.
You feel strangely unstable.
You feel very sick. The harpy claws you but does no damage.
You block the harpy's attack. You block the harpy's attack. x2
The merfolk hits you from afar with a trident!
* * * LOW HITPOINT WARNING * * *
You block the merfolk's attack. You block the merfolk impaler's attack.
The harpy claws you but does no damage. The harpy claws you.
* * * LOW HITPOINT WARNING * * *
The harpy claws you but does no damage. The harpy claws you.
* * * LOW HITPOINT WARNING * * *
Drink which item? (? for menu, Esc to quit)
You feel better. You block the harpy's attack. You block the harpy's attack.
The harpy claws you.
* * * LOW HITPOINT WARNING * * *
The harpy claws you but does no damage.
The merfolk impaler hits you from afar with a trident of venom!!
You die...

. #..)..'≈≈≈≈≈≈≈≈ ≈
≈≈≈≈P..≈≈≈≈≈≈≈#≈....#≈≈≈≈≈≈≈≈
≈≈≈≈..PP≈≈≈≈≈≈##...##≈≈≈≈≈≈≈≈
≈≈≈P≈≈≈≈P≈≈≈≈≈≈#####≈≈≈≈≈≈≈≈≈
≈≈≈≈≈≈≈≈≈≈≈≈≈≈≈≈..≈≈≈≈≈≈≈≈≈≈≈
≈≈≈≈≈≈≈≈P≈≈≈≈......?)≈≈≈≈≈≈≈≈
≈≈≈≈≈≈≈≈≈≈≈≈........≈≈≈≈≈≈≈≈≈
#..≈≈≈≈≈≈≈≈P≈≈m..H......≈≈≈≈≈≈≈≈≈
...≈≈≈≈≈≈≈≈≈≈mmH@......./≈≈≈..≈≈.
..≈≈≈≈≈≈≈≈≈≈≈≈m..........≈≈###...
..≈≈≈≈≈≈≈≈≈≈≈..####(......#####.
....≈≈≈≈≈≈≈≈.#.≈≈≈##.........#
...m(≈≈≈≈≈≈.#.#≈≈≈≈##........#
..HH≈≈≈≈≈≈≈≈.#≈≈≈#≈≈##.......#
.<.m≈≈≈≈≈≈≈#.≈≈≈#≈#≈≈#.....P.#
.)..≈≈≈≈.≈≈#≈≈≈#≈≈≈≈≈#..)....#
(.....≈≈≈≈!#≈≈#≈≈≈≈≈≈#.......#


You could see a merfolk impaler, 3 merfolk and 2 harpies.

Vanquished Creatures
  Rupert (Orc:2)
  Ilsuiw (Shoals:4)
  Donald (Shoals:3)
  A stone giant (Shoals:2)
  A white draconian (IceCv)
  The ghost of cmdexe the Severer, a powerful HOFi of Makhleb (Orc:4)
  4 merfolk javelineers (Shoals:4)
  6 merfolk impalers
  A vault guard (D:14)
  Josephine (Orc:3)
  2 fire dragons
  6 hydras
  2 catoblepae
  Erolcha (Orc:3)
  An ice dragon (D:14)
  2 merfolk aquamancers (Shoals:4)
  4 merfolk avatars
  4 orc high priests
  A satyr (Shoals:3)
  A vampire mage (D:15)
  11 death yaks
  Urug (D:13)
  Sonja (Orc:3)
  7 sea snakes
  3 unseen horrors
  2 skeletal warriors (D:15)
  An ice devil (Lair:3)
  2 ice statues
  Pikel (D:8)
  A necromancer (D:15)
  5 orc knights
  A tengu skeleton (D:15)
  7 hill giants
  17 harpies
  5 water nymphs
  A stone giant zombie (D:15)
  10 griffons
  2 slime creatures (D:10)
  2 oklob plants
  13 cyclopes
  9 ugly things
  7 manticores
  4 orc sorcerers (Orc:4)
  A faun (Shoals:1)
  A moth of wrath (shapeshifter) (D:14)
  6 elephants (Lair:7)
  A black mamba (shapeshifter) (D:14)
  3 centaur zombies
  9 sirens
  11 spiny frogs
  2 black mambas (Lair:7)
  2 torpor snails
  6 komodo dragons
  3 fire drakes
  A gargoyle (D:15)
  The ghost of urechis the Cudgeler, an average OgFi (D:4)
  A spriggan druid (Lair:8)
  15 merfolk
  25 polar bears
  A harpy skeleton (D:15)
  4 trolls
  36 blink frogs
  Prince Ribbit (D:7)
  5 two-headed ogres
  A boulder beetle (Lair:5)
  A hornet zombie (D:15)
  A spriggan zombie (D:15)
  7 snapping turtles
  A trapdoor spider zombie (D:11)
  14 spriggans (Lair:8)
  A trapdoor spider (D:13)
  A deep troll zombie (D:15)
  7 redbacks (Lair:8)
  2 deep elf magi
  2 shadows
  3 wraiths (Orc:3)
  2 wyverns
  A steam dragon (Lair:6)
  3 hungry ghosts
  8 basilisks
  4 water elementals
  39 yaks
  5 wargs
  13 hippogriffs
  7 vampire mosquitoes
  Menkaure (D:5)
  A soldier ant (D:11)
  A mottled dragon (D:15)
  52 wolves
  17 water moccasins
  14 porcupines
  Duvessa (D:4)
  4 slaves
  25 orc warriors
  6 wasps
  7 black bears
  An eye of draining (D:15)
  20 ice beasts
  17 centaurs
  4 sky beasts
  A necrophage (D:8)
  5 boggarts (D:13)
  4 phantoms
  16 ogres
  16 crocodiles
  15 giant frogs
  A brain worm (D:15)
  5 big kobolds
  Dowan (D:4)
  A scorpion (D:12)
  7 wights
  12 killer bees
  3 crimson imps
  4 electric eels
  10 jellies
  5 giant frog zombies
  29 orc priests
  2 centaur skeletons
  6 hounds
  Jessica (D:2)
  30 orc wizards
  7 iguanas
  A killer bee zombie (D:8)
  22 sheep
  17 worker ants
  4 hound skeletons
  3 gnolls (D:4)
  A worker ant zombie (D:10)
  17 adders
  16 river rats
  3 white imps (Lair:3)
  12 oozes
  4 worms
  6 giant geckos
  201 orcs
  7 bats
  3 hobgoblins
  16 jackals
  51 kobolds
  7 quokkas
  5 ball pythons (Sewer)
  8 giant cockroaches
  3 giant newts
  3 goblins
  A jackal zombie (D:5)
  A quokka skeleton (D:9)
  31 rats
  A butterfly (Lair:4)
  A fungus (Lair:2)
  7 plants
1217 creatures vanquished.

Vanquished Creatures (collateral kills)
  A siren (Shoals:4)
  A merfolk (Shoals:4)
2 creatures vanquished.

Vanquished Creatures (others)
  Sigmund (D:4)
  16 fungi
  31 plants
48 creatures vanquished.

Grand Total: 1267 creatures vanquished

Notes
Turn   | Place    | Note
--------------------------------------------------------------
     0 | D:1      | urechis the Ogre Fighter began the quest for the Orb.
     0 | D:1      | Reached XP level 1. HP: 24/24 MP: 1/1
    31 | D:1      | Reached XP level 2. HP: 16/32 MP: 2/2
   669 | D:2      | Reached XP level 3. HP: 13/40 MP: 3/3
   973 | D:2      | Noticed Jessica
   984 | D:2      | Killed Jessica
   984 | D:2      | Reached skill level 5 in Maces & Flails
   984 | D:2      | Reached XP level 4. HP: 37/49 MP: 4/4
  1560 | D:2      | Reached skill level 5 in Fighting
  1593 | D:2      | Reached XP level 5. HP: 49/57 MP: 5/5
  1635 | D:3      | Reached skill level 6 in Maces & Flails
  2049 | D:3      | Found a basalt altar of Yredelemnul.
  2502 | D:4      | Noticed urechis's ghost (average OgFi)
  2512 | D:4      | HP: 1/57 [urechis's ghost (11)]
  2514 | D:4      | Killed urechis's ghost
  2514 | D:4      | Reached skill level 8 in Maces & Flails
  2514 | D:4      | Reached XP level 6. HP: 1/68 MP: 6/6
  2514 | D:4      | Reached XP level 7. HP: 1/76 MP: 7/7
  2910 | D:4      | Noticed a phantom
  2943 | D:4      | Killed a phantom
  3173 | D:4      | Noticed Sigmund
  3173 | D:4      | Noticed Dowan
  3174 | D:4      | Noticed Duvessa
  3204 | D:4      | Killed Duvessa
  3204 | D:4      | Reached skill level 9 in Maces & Flails
  3213 | D:4      | Killed Sigmund
  3532 | D:4      | Killed Dowan
  3626 | D:5      | Entered Level 5 of the Dungeon
  3640 | D:5      | Reached XP level 8. HP: 49/87 MP: 8/8
  3830 | D:5      | Found a glowing drain.
  3838 | Sewer    | Entered a sewer
  3858 | Sewer    | Reached skill level 10 in Maces & Flails
  5048 | D:5      | Reached skill level 11 in Maces & Flails
  5137 | D:5      | Found a sparkling altar of Nemelex Xobeh.
  5227 | D:5      | Noticed Menkaure
  5235 | D:5      | Killed Menkaure
  5568 | D:6      | Found a shimmering altar of Xom.
  6085 | D:6      | Reached skill level 12 in Maces & Flails
  6085 | D:6      | Reached XP level 9. HP: 78/98 MP: 9/9
  6514 | D:6      | Got a pitted dagger
  6519 | D:6      | Identified the +7 dagger of the Original Sin {venom, +Inv rN+ Int-4 Dex+4} (You found it on level 6 of the Dungeon)
  6527 | D:6      | Identified a +0 rod of ignition (14/14) (You found it on level 6 of the Dungeon)
  6914 | D:6      | Found a deep blue altar of Sif Muna.
  7182 | D:6      | Reached skill level 13 in Maces & Flails
  7686 | D:7      | Got a wizard robe
  7697 | D:7      | Identified the +2 robe of Ohicist {Dex+5 Stlth-} (You found it on level 7 of the Dungeon)
  7738 | D:7      | Reached skill level 10 in Fighting
  7913 | D:7      | Found a staircase to the Ecumenical Temple.
  7943 | Temple   | Entered the Ecumenical Temple
  8036 | Temple   | Became a worshipper of Trog the Wrathful
  8063 | D:7      | Noticed Prince Ribbit
  8075 | D:7      | Killed Prince Ribbit
  8199 | D:7      | Reached skill level 14 in Maces & Flails
  8791 | D:8      | Reached XP level 10. HP: 52/110 MP: 10/10
  8875 | D:8      | Noticed Pikel
  9288 | D:7      | Reached skill level 5 in Shields
  9497 | D:6      | HP: 3/110 [two-headed ogre/giant club (21)]
 10056 | D:6      | Acquired Trog's first power
 10609 | D:8      | Killed Pikel
 10763 | D:8      | Found a snail-covered altar of Cheibriados.
 10764 | D:8      | Found a white marble altar of Elyvilon.
 11165 | D:8      | Found an iron altar of Okawaru.
 11897 | D:9      | Acquired Trog's second power
 12190 | D:9      | Reached skill level 15 in Maces & Flails
 12195 | D:9      | Reached XP level 11. HP: 116/116 MP: 11/11
 12324 | D:10     | Entered Level 10 of the Dungeon
 12348 | D:10     | Killed an unseen horror
 13017 | D:10     | Found a roughly hewn altar of Beogh.
 13017 | D:10     | Found a staircase to the Orcish Mines.
 13045 | D:10     | Reached skill level 1 in Throwing
 13405 | D:10     | Reached skill level 16 in Maces & Flails
 13792 | D:11     | Acquired Trog's third power
 14024 | D:11     | Noticed a hill giant
 14031 | D:11     | Killed a hill giant
 14232 | D:11     | Found a staircase to the Lair.
 14297 | D:11     | Reached skill level 5 in Throwing
 14342 | D:11     | Noticed a hill giant
 14356 | D:11     | Killed a hill giant
 14476 | D:11     | Received a gift from Trog
 14992 | D:12     | Reached XP level 12. HP: 98/130 MP: 12/12
 15081 | D:12     | Identified a scroll of acquirement
 15083 | D:12     | Got a spiked cloak
 15089 | D:12     | Identified the +0 cloak "Nehisoss" {Dex+4} (You acquired it on level 12 of the Dungeon)
 15122 | D:12     | Noticed a hill giant
 15135 | D:12     | Killed a hill giant
 15728 | D:13     | Noticed Urug
 15735 | D:13     | Killed Urug
 15856 | D:13     | Found Jerafoel's Jewellery Shoppe.
 16698 | D:14     | Found a radiant altar of Vehumet.
 16736 | D:14     | Noticed a fire dragon
 16751 | D:14     | Killed a fire dragon
 16891 | D:14     | Received a gift from Trog
 16996 | D:14     | Noticed a vault guard
 17021 | D:14     | Killed a vault guard
 17021 | D:14     | Reached skill level 10 in Throwing
 17021 | D:14     | Reached XP level 13. HP: 66/147 MP: 13/13
 17087 | D:14     | Noticed an ice dragon
 17096 | D:14     | Killed an ice dragon
 17353 | D:14     | Found a gate to the Vaults.
 17523 | D:15     | Entered Level 15 of the Dungeon
 17865 | D:14     | Reached skill level 15 in Fighting
 18744 | D:15     | Found a staircase to the Depths.
 19742 | D:15     | Found a sparkling altar of Nemelex Xobeh.
 19757 | D:15     | Received a gift from Trog
 20129 | Lair:1   | Entered Level 1 of the Lair of Beasts
 20748 | Lair:1   | Found a frozen archway.
 20792 | Lair:1   | Received a gift from Trog
 20792 | Lair:1   | Reached XP level 14. HP: 79/161 MP: 14/14
 20893 | IceCv    | Entered an ice cave
 22340 | IceCv    | Received a gift from Trog
 22340 | IceCv    | Reached skill level 15 in Throwing
 24068 | Lair:2   | Reached skill level 17 in Fighting
 25114 | Lair:3   | Received a gift from Trog
 25146 | Lair:3   | Reached skill level 1 in Armour
 25473 | Lair:3   | Reached skill level 18 in Fighting
 26094 | Lair:4   | Found a staircase to the Snake Pit.
 26273 | Lair:4   | Reached XP level 15. HP: 169/175 MP: 5/15
 26275 | Lair:4   | Received a gift from Trog
 26476 | Lair:4   | Found a staircase to the Shoals.
 27414 | Lair:6   | You fall through a shaft!
 27461 | Lair:7   | Reached skill level 5 in Armour
 27476 | Lair:7   | Got a pitted wooden ring
 27478 | Lair:7   | Identified the ring of Opiasev {Wiz rPois MR+} (You found it on level 7 of the Lair of Beasts)
 27609 | Lair:7   | Received a gift from Trog
 27623 | Lair:7   | Found a shattered altar of Ashenzari.
 27712 | Lair:6   | Received a gift from Trog
 28452 | Lair:6   | Got a slimy ruby amulet
 28454 | Lair:6   | Identified the amulet of the Solstice {Faith MR- Dex+5} (You found it on level 6 of the Lair of Beasts)
 29093 | Lair:7   | Received a gift from Trog
 29515 | Lair:7   | Received a gift from Trog
 30156 | Lair:8   | Entered Level 8 of the Lair of Beasts
 30312 | Lair:8   | HP: 13/262 [spriggan rider/spear (7)]
 30314 | Lair:8   | Received a gift from Trog
 30317 | Lair:8   | HP: 7/175 [poisoned by a redback]
 30338 | Lair:8   | HP: 3/176 [catoblepas/blast of calcifying dust (7)]
 30826 | Lair:8   | Received a gift from Trog
 30949 | Lair:8   | Reached skill level 10 in Armour
 31021 | Lair:8   | Reached XP level 16. HP: 146/185 MP: 5/16
 31245 | Lair:8   | Received a gift from Trog
 31676 | Lair:8   | Found a staircase to the Slime Pits.
 31676 | Lair:8   | Found a viscous altar of Jiyva.
 32782 | Orc:1    | Entered Level 1 of the Orcish Mines
 33108 | Orc:2    | Found Leluil's Book Emporium.
 33114 | Orc:2    | Received a gift from Trog
 33333 | Orc:2    | Found Diurruarch's Distillery.
 33485 | Orc:3    | Found a staircase to the Elven Halls.
 33485 | Orc:3    | Noticed Rupert
 33495 | Orc:2    | Killed Rupert
 33959 | Orc:3    | Received a gift from Trog
 33960 | Orc:3    | Got a pitted eveningstar {god gift}
 33965 | Orc:3    | Identified the +2 eveningstar "Hezxajis" {crush, rC+++ MP-9 Str+3 Dex-3} (Trog gifted it to you on level 3 of the Orcish Mines)
 34022 | Orc:3    | Noticed Josephine
 34032 | Orc:3    | Killed Josephine
 34222 | Orc:3    | Noticed Sonja
 34230 | Orc:3    | Killed Sonja
 34338 | Orc:3    | Noticed Erolcha
 34344 | Orc:3    | Killed Erolcha
 34690 | Orc:2    | Received a gift from Trog
 35115 | Orc:4    | Entered Level 4 of the Orcish Mines
 35132 | Orc:4    | Received a gift from Trog
 35133 | Orc:4    | Got a steaming giant spiked club {god gift}
 35142 | Orc:4    | Identified the +9 giant spiked club of Mahev {vamp, *Rage Int+8} (Trog gifted it to you on level 4 of the Orcish Mines)
 35354 | Orc:4    | Found Viukal's Antique Weapon Boutique.
 35390 | Orc:4    | Noticed cmdexe's ghost (powerful HOFi)
 35394 | Orc:4    | HP: 6/185 [orc warrior/tomahawk (8)]
 35399 | Orc:4    | HP: 8/185 [cmdexe's ghost (3)]
 35796 | Orc:4    | Killed cmdexe's ghost
 36180 | Orc:4    | Paralysed by an orc sorcerer for 6 turns
 36341 | Orc:4    | Received a gift from Trog
 36350 | Orc:4    | Found Acitov's Antique Weapon Shoppe.
 36352 | Orc:4    | Paralysed by an orc sorcerer for 3 turns
 36427 | Orc:4    | Received a gift from Trog
 36644 | Orc:4    | Found Ziurrussoy's Book Boutique.
 36660 | Orc:4    | Found Poecazug's Magic Scroll Shoppe.
 37036 | Shoals:1 | Entered Level 1 of the Shoals
 38368 | Shoals:2 | Received a gift from Trog
 38395 | Shoals:2 | Found Alieh Kun's Antique Armour Shop.
 38564 | Shoals:2 | Reached XP level 17. HP: 196/196 MP: 5/17
 39537 | Shoals:3 | Received a gift from Trog
 39537 | Shoals:3 | Reached skill level 19 in Fighting
 39539 | Shoals:3 | Noticed Donald
 39550 | Shoals:3 | Killed Donald
 39863 | Shoals:4 | Entered Level 4 of the Shoals
 39870 | Shoals:4 | Reached skill level 10 in Shields
 40571 | Shoals:4 | Noticed Ilsuiw
 40712 | Shoals:4 | Killed Ilsuiw
 40750 | Shoals:4 | Received a gift from Trog
 41371 | Shoals:4 | HP: 5/198 [harpy (6)]
 41372 | Shoals:4 | Mangled by a merfolk impaler

Vault maps used:
D:1:      matt_arrival_los_fun
D:2:      first_bread, minmay_liquid_box, uniq_jessica
D:3:      yredelemnul_altar_generic, kennysheep_generic_room_7
D:4:      uniq_duvessa, uniq_sigmund
D:5:      nemelex_altar_shiori, lightli_sewer_entry_pipes, uniq_menkaure
D:6:      lemuel_blue_sif_altar, basic_altar, st_stairs_5,
          nicolae_zen_rock_garden
D:7:      minmay_temple_entry_statues_pillars, uniq_prince_ribbit1
D:8:      nicolae_overflow_hidden_temple, blue_anna_alchemist,
          item_on_display_a, uniq_pikel
D:9:      kennysheep_opposing_triangles
D:10:     david_orc_5
D:11:     dpeg_oklobed_lair
D:13:     serial_shops, shop, uniq_urug
D:14:     david_vaults_4, grunt_decor_mini_mirrors, basic_altar
D:15:     gammafunk_depths_entry_grave, old_standard_altar
Temple:   circular_temple_12
Lair:1:   minmay_lair_oklob_items, portal_ice_cave_entry_ice_beasts,
          serial_bayou_lake_a
Lair:3:   dragon1_lemuel, ice2_lemuel
Lair:4:   minmay_shoals_entry_centaurs, dummy_snake_entry, lemuel_fruit_fields
Lair:5:   infiniplex_staircase_pool
Lair:6:   lemuel_slime
Lair:7:   basic_altar, lemuel_fruit_tree
Lair:8:   minmay_lair_end_enchanted_forest, slime_altar_1
Shoals:2: serial_shops, nicolae_shop_trees,
          nicolae_shoals_siren_and_animal_friends
Shoals:3: st_shoals_ruin, uniq_donald
Shoals:4: shoals_end_simple, shoals_ilsuiw_alternative
Orc:2:    serial_shops, shop, shop
Orc:3:    nicolae_orc_pool_cavern, minmay_orc_barracks, uniq_rupert,
          uniq_josephine, uniq_sonja, uniq_erolcha
Orc:4:    st_orc_elflike
Sewer:    sewer_minmay_treatment
IceCv:    ice_cave_caverns_01

Action                   |  1- 3 |  4- 6 |  7- 9 | 10-12 | 13-15 | 16-18 || total
-------------------------+-------+-------+-------+-------+-------+-------++-------
Melee: Flail             |    60 |   162 |   557 |   113 |       |       ||   892
       Morningstar       |       |       |       |   694 |   596 |       ||  1290
       Eveningstar       |       |       |       |       |   889 |  1084 ||  1973
       Giant spiked club |       |       |       |       |       |    56 ||    56
Throw: Javelin           |       |       |     4 |    45 |       |   147 ||   196
       Tomahawk          |       |       |       |     4 |       |       ||     4
       Large rock        |       |       |       |     1 |    79 |    13 ||    93
Invok: Berserk           |       |       |       |     5 |     5 |     2 ||    12
       Trog's Hand       |       |       |       |     3 |    12 |     6 ||    21
       Burn Spellbooks   |       |       |       |     2 |     6 |       ||     8
       Brothers in Arms  |       |       |       |       |       |     2 ||     2
Evoke: Rod               |       |       |     2 |     4 |       |       ||     6
  Use: Potion            |       |     1 |     5 |       |     8 |    10 ||    24
       Scroll            |       |       |     6 |    12 |    10 |     6 ||    34
 Stab: Sleeping          |       |     2 |       |       |       |       ||     2
       Fleeing           |       |       |       |       |     2 |       ||     2
       Distracted        |       |       |       |       |     1 |       ||     1
  Eat: Chunk             |       |     5 |    19 |    27 |    45 |    36 ||   132
       Meat ration       |       |       |     1 |       |       |       ||     1
       Fruit             |       |       |     1 |     8 |    12 |     4 ||    25
       Pizza             |       |       |       |       |       |     3 ||     3
